TOP OF THE 1ST |
Houston Astros batting - Pitching for Seattle Mariners : LHP Joe Hincks
|
Pitching: LHP Joe Hincks
|
|
Batting: RHB Matt Thompson
|
0-0: Foul Ball, location: 2F 0-1: Ground out 5-3 (Groundball, 5, EV 104.4 MPH)
|
Batting: RHB Josh Froyd
|
0-0: Called Strike 0-1: Ball 1-1: SINGLE (Line Drive, 4D, EV 102.5 MPH)
|
Batting: RHB Chris Lane
|
0-0: Ball 1-0: Ball 2-0: Ball 3-0: Base on Balls Josh Froyd to second
|
Batting: RHB Jeremy Trump
|
0-0: Ball 1-0: Ball 2-0: Called Strike 2-1: Ball 3-1: Base on Balls Josh Froyd to third Chris Lane to second
|
Batting: RHB Antonio Aranda
|
0-0: Ball 1-0: Ball 2-0: Ball 3-0: Base on Balls Josh Froyd scores Chris Lane to third Jeremy Trump to second
|
Batting: SHB Joe Gardner
|
0-0: Ball 1-0: Called Strike 1-1: Fielders Choice at 2nd, 3-6 (Groundball, 34, EV 86.2 MPH) Chris Lane scores Jeremy Trump to third
|
Batting: RHB Chang-wei Jiang
|
0-0: Ball 1-0: Fielders Choice at 2nd, U4 (Groundball, 4M, EV 80.6 MPH)
|
Top of the 1st over - 2 runs, 1 hit, 0 errors, 2 left on base; Houston 2 - Seattle 0 |
BOTTOM OF THE 1ST |
Seattle Mariners batting - Pitching for Houston Astros : LHP Mat Pear
|
Pitching: LHP Mat Pear
|
|
Batting: RHB Leon Alders
|
0-0: Ball 1-0: Ball 2-0: Fly out, F8 (Flyball, 78S, EV 81.9 MPH)
|
Batting: SHB Floyd-William Goof
|
0-0: Called Strike 0-1: Ball 1-1: Ball 2-1: Foul Ball, location: 2F 2-2: Ball 3-2: Base on Balls
|
Batting: RHB Jimmy Hammertime
|
0-0: Ball 1-0: Ball 2-0: Ball 3-0: Called Strike 3-1: Swinging Strike 3-2: Foul Ball, location: 2F 3-2: Strikes out looking
|
Batting: RHB Bobby Larson
|
0-0: Ball 1-0: Fielders Choice at 2nd, 6-4 (Groundball, 6, EV 110.0 MPH)
|
Bottom of the 1st over - 0 runs, 0 hits, 0 errors, 1 left on base; Houston 2 - Seattle 0 |
TOP OF THE 2ND |
Houston Astros batting - Pitching for Seattle Mariners : LHP Joe Hincks
|
Batting: SHB Troy Kenyon
|
0-0: Foul Ball, location: 2F 0-1: SINGLE (Flyball, 78S, EV 95.0 MPH)
|
Batting: LHB Zack Berney
|
0-0: Ball 1-0: Ball 2-0: Swinging Strike 2-1: Grounds into double play, U6-3 (Groundball, 4M, EV 81.9 MPH)
|
Batting: RHB Matt Thompson
|
0-0: Swinging Strike 0-1: Foul Ball, location: 2F 0-2: Ball 1-2: Fly out, F9 (Flyball, 89M, EV 90.6 MPH)
|
Top of the 2nd over - 0 runs, 1 hit, 0 errors, 0 left on base; Houston 2 - Seattle 0 |
BOTTOM OF THE 2ND |
Seattle Mariners batting - Pitching for Houston Astros : LHP Mat Pear
|
Batting: RHB Jose Vasquez
|
0-0: Called Strike 0-1: Ball 1-1: Swinging Strike 1-2: Ground out 3-1 (Groundball, 34, EV 102.5 MPH)
|
Batting: LHB Dae-ik Yoon
|
0-0: Called Strike 0-1: Ball 1-1: Ground out 5-3 (Groundball, 56S, EV 68.8 MPH)
|
Batting: RHB Corey Ottinger
|
0-0: Called Strike 0-1: Ball 1-1: Foul Ball, location: 2F 1-2: Ball 2-2: Foul Ball, location: 2F 2-2: Foul Ball, location: 2F 2-2: Ball 3-2: Foul Ball, location: 2F 3-2: Foul Ball, location: 2F 3-2: Base on Balls
|
Batting: LHB Bi-jun Chien
|
0-0: Ball 1-0: Called Strike 1-1: Ball 2-1: Ball 3-1: Base on Balls Corey Ottinger to second
|
Batting: RHB Young-kwang Ohnn
|
0-0: Called Strike 0-1: SINGLE (Line Drive, 78S, EV 95.6 MPH) Corey Ottinger to third Bi-jun Chien to second Runner from 3rd tries for Home, SAFE, throw by CF to home
|
Batting: RHB Leon Alders
|
0-0: Ball 1-0: Ball 2-0: Ball 3-0: Fielders Choice at 2nd, 6-4 (Groundball, 6, EV 84.4 MPH)
|
Bottom of the 2nd over - 1 run, 1 hit, 0 errors, 2 left on base; Houston 2 - Seattle 1 |
TOP OF THE 3RD |
Houston Astros batting - Pitching for Seattle Mariners : LHP Joe Hincks
|
Batting: RHB Josh Froyd
|
0-0: Ground out 1-3 (Groundball, P, EV 70.0 MPH)
|
Batting: RHB Chris Lane
|
0-0: Ball 1-0: Swinging Strike 1-1: Ball 2-1: Ball 3-1: Base on Balls
|
Batting: RHB Jeremy Trump
|
0-0: Called Strike 0-1: Called Strike 0-2: Ball 1-2: SINGLE (Groundball, 6, EV 103.8 MPH) Chris Lane to second
|
Batting: RHB Antonio Aranda
|
0-0: Ball 1-0: Fly out, F7 (Flyball, 78S, EV 98.1 MPH)
|
Batting: SHB Joe Gardner
|
0-0: Ball 1-0: Swinging Strike 1-1: Fielders Choice at 2nd, 5-4 (Groundball, 56, EV 105.6 MPH)
|
Top of the 3rd over - 0 runs, 1 hit, 0 errors, 2 left on base; Houston 2 - Seattle 1 |
BOTTOM OF THE 3RD |
Seattle Mariners batting - Pitching for Houston Astros : LHP Mat Pear
|
Batting: SHB Floyd-William Goof
|
0-0: Ball 1-0: SOLO HOME RUN (Flyball, 9D, EV 97.5 MPH) (Inside the Park)
|
Batting: RHB Jimmy Hammertime
|
0-0: Called Strike 0-1: Called Strike 0-2: Ball 1-2: Foul Ball, location: 2F 1-2: DOUBLE (Line Drive, 8RXD, EV 105.6 MPH)
|
Batting: RHB Bobby Larson
|
0-0: Ball 1-0: Ball 2-0: Ball 3-0: Called Strike 3-1: Called Strike 3-2: 2-RUN HOME RUN (Flyball, 78XD, EV 106.2 MPH), Distance : 394 ft
|
Batting: RHB Jose Vasquez
|
0-0: Called Strike 0-1: Ball 1-1: DOUBLE (Flyball, 8LXD, EV 108.1 MPH)
|
Batting: LHB Dae-ik Yoon
|
0-0: Foul Ball, location: 2F 0-1: Ball 1-1: Called Strike 1-2: Foul Ball, location: 2F 1-2: Ball 2-2: Foul Ball, location: 2F 2-2: Hit by Pitch
|
Batting: RHB Corey Ottinger
|
0-0: Foul Ball, location: 2F 0-1: Ball 1-1: 3-RUN HOME RUN (Flyball, 89XD, EV 98.8 MPH), Distance : 396 ft
|
Pitching: RHP Mike Staus
|
|
Batting: LHB Bi-jun Chien
|
0-0: Ball 1-0: Ball 2-0: Ground out U3 (Groundball, 3, EV 93.1 MPH)
|
Batting: RHB Young-kwang Ohnn
|
0-0: Fly out, F7 (Flyball, 78S, EV 88.8 MPH)
|
Batting: RHB Leon Alders
|
0-0: Ball 1-0: Ball 2-0: Foul Ball, location: 2F 2-1: Foul Ball, location: 2F 2-2: Ball 3-2: Strikes out swinging
|
Bottom of the 3rd over - 6 runs, 5 hits, 0 errors, 0 left on base; Houston 2 - Seattle 7 |
TOP OF THE 4TH |
Houston Astros batting - Pitching for Seattle Mariners : LHP Joe Hincks
|
Batting: RHB Chang-wei Jiang
|
0-0: Swinging Strike 0-1: Ground out 6-3 (Groundball, 6M, EV 91.9 MPH)
|
Batting: SHB Troy Kenyon
|
0-0: Hit by Pitch
|
Batting: LHB Zack Berney
|
0-0: Ball 1-0: Ball 2-0: SINGLE (Groundball, 4MD, EV 101.2 MPH) (infield hit) Troy Kenyon to second
|
Batting: RHB Matt Thompson
|
0-0: Ball 1-0: 3-RUN HOME RUN (Flyball, 7LD, EV 94.4 MPH), Distance : 358 ft
|
Batting: RHB Josh Froyd
|
0-0: Swinging Strike 0-1: Ball 1-1: Ball 2-1: Ball 3-1: Base on Balls
|
Pitching: RHP Takaaki Nakada
|
|
Batting: RHB Chris Lane
|
0-0: Foul Ball, location: 2F 0-1: Ball 1-1: DOUBLE (Groundball, 5L, EV 108.8 MPH) Josh Froyd to third
|
Batting: RHB Jeremy Trump
|
0-0: Ball 1-0: Swinging Strike 1-1: 3-RUN HOME RUN (Flyball, 9D, EV 96.9 MPH), Distance : 383 ft
|
Batting: RHB Antonio Aranda
|
0-0: Ball 1-0: Fly out, F4 (Popup, 13S, EV 90.0 MPH)
|
Batting: SHB Joe Gardner
|
0-0: Foul Ball, location: 2F 0-1: SINGLE (Line Drive, 4MD, EV 98.8 MPH)
|
Batting: RHB Chang-wei Jiang
|
0-0: Ball 1-0: Foul Ball, location: 2F 1-1: Ball 2-1: Swinging Strike 2-2: SINGLE (Groundball, 6S, EV 74.4 MPH) (infield hit) Joe Gardner to second
|
Batting: SHB Troy Kenyon
|
0-0: Called Strike 0-1: Foul Ball, location: 2F 0-2: Fly out, F9 (Line Drive, 9, EV 105.0 MPH)
|
Top of the 4th over - 6 runs, 6 hits, 0 errors, 2 left on base; Houston 8 - Seattle 7 |
BOTTOM OF THE 4TH |
Seattle Mariners batting - Pitching for Houston Astros : RHP Mike Staus
|
Batting: SHB Floyd-William Goof
|
0-0: Foul Ball, location: 2F 0-1: Swinging Strike 0-2: Foul Ball, location: 2F 0-2: Ground out 6-3 (Groundball, 6, EV 97.5 MPH)
|
Batting: RHB Jimmy Hammertime
|
0-0: Ball 1-0: Ground out 5-3 (Groundball, 56S, EV 73.1 MPH)
|
Batting: RHB Bobby Larson
|
0-0: Called Strike 0-1: Foul Ball, location: 2F 0-2: Foul Ball, location: 2F 0-2: Foul Ball, location: 2F 0-2: Strikes out looking
|
Bottom of the 4th over - 0 runs, 0 hits, 0 errors, 0 left on base; Houston 8 - Seattle 7 |
TOP OF THE 5TH |
Houston Astros batting - Pitching for Seattle Mariners : RHP Takaaki Nakada
|
Batting: LHB Zack Berney
|
0-0: Ball 1-0: Ground out 6-3 (Groundball, 4M, EV 98.1 MPH)
|
Batting: RHB Matt Thompson
|
0-0: Called Strike 0-1: Swinging Strike 0-2: Strikes out swinging
|
Batting: RHB Josh Froyd
|
0-0: Ball 1-0: SINGLE (Line Drive, 56D, EV 99.4 MPH)
|
Batting: RHB Chris Lane
|
0-0: Swinging Strike 0-1: Swinging Strike 0-2: Ball 1-2: Ball 2-2: Ground out 5-3 (Groundball, 56S, EV 80.0 MPH)
|
Top of the 5th over - 0 runs, 1 hit, 0 errors, 1 left on base; Houston 8 - Seattle 7 |
BOTTOM OF THE 5TH |
Seattle Mariners batting - Pitching for Houston Astros : RHP Mike Staus
|
Batting: RHB Jose Vasquez
|
0-0: Foul Ball, location: 2F 0-1: SINGLE (Line Drive, 9S, EV 91.2 MPH)
|
Batting: LHB Dae-ik Yoon
|
0-0: Ball 1-0: Ball 2-0: Ball 3-0: Called Strike 3-1: Swinging Strike 3-2: Base on Balls Jose Vasquez to second
|
Batting: RHB Corey Ottinger
|
0-0: Called Strike 0-1: Fielders Choice at 2nd, 3-6 (Groundball, 23, EV 86.2 MPH) Jose Vasquez to third
|
Batting: LHB Bi-jun Chien
|
0-0: Swinging Strike 0-1: Ball 1-1: Foul Ball, location: 2F 1-2: Ball 2-2: Strikes out looking
|
Batting: RHB Young-kwang Ohnn
|
0-0: Swinging Strike 0-1: Fielders Choice at 2nd, 6-4 (Groundball, 6, EV 89.4 MPH)
|
Bottom of the 5th over - 0 runs, 1 hit, 0 errors, 2 left on base; Houston 8 - Seattle 7 |
TOP OF THE 6TH |
Houston Astros batting - Pitching for Seattle Mariners : RHP Takaaki Nakada
|
Batting: RHB Jeremy Trump
|
0-0: Ball 1-0: Foul Ball, location: 2F 1-1: Foul Ball, location: 2F 1-2: Foul Ball, location: 2F 1-2: Fly out, F7 (Flyball, 78M, EV 85.6 MPH)
|
Batting: RHB Antonio Aranda
|
0-0: Foul Ball, location: 2F 0-1: Ball 1-1: Ball 2-1: Ground out 6-3 (Groundball, 6, EV 108.8 MPH)
|
Batting: SHB Joe Gardner
|
0-0: Ball 1-0: Foul Ball, location: 2F 1-1: Foul Ball, location: 2F 1-2: Foul Ball, location: 2F 1-2: Foul Ball, location: 2F 1-2: Foul Ball, location: 2F 1-2: Foul Ball, location: 2F 1-2: Fly out, F7 (Flyball, 78D, EV 102.5 MPH)
|
Top of the 6th over - 0 runs, 0 hits, 0 errors, 0 left on base; Houston 8 - Seattle 7 |
BOTTOM OF THE 6TH |
Seattle Mariners batting - Pitching for Houston Astros : RHP Mike Staus
|
Batting: RHB Leon Alders
|
0-0: Foul Ball, location: 2F 0-1: Foul Ball, location: 2F 0-2: Ball 1-2: Ball 2-2: Ball 3-2: Strikes out looking
|
Batting: SHB Floyd-William Goof
|
0-0: Called Strike 0-1: Foul Ball, location: 2F 0-2: SINGLE (Groundball, 4MD, EV 99.4 MPH) (infield hit)
|
Batting: RHB Jimmy Hammertime
|
0-0: Called Strike 0-1: Called Strike Floyd-William Goof steals 2nd base 0-2: SINGLE (Line Drive, 78S, EV 107.5 MPH) Floyd-William Goof to third Runner from 3rd tries for Home, SAFE, throw by LF to home
|
Batting: RHB Bobby Larson
|
0-0: Foul Ball, location: 2F 0-1: SINGLE (Line Drive, 5D, EV 105.0 MPH) Jimmy Hammertime to second
|
Batting: RHB Jose Vasquez
|
0-0: DOUBLE (Flyball, 8RXD, EV 90.0 MPH) Jimmy Hammertime scores Bobby Larson to third
|
Batting: LHB Dae-ik Yoon
|
0-0: Ball 1-0: Swinging Strike 1-1: Ball 2-1: Foul Ball, location: 2F 2-2: Ball 3-2: Base on Balls
|
Pitching: RHP Jon Huizenga
|
|
Batting: RHB Corey Ottinger
|
0-0: Swinging Strike 0-1: Ball 1-1: Swinging Strike 1-2: Ball 2-2: Ball 3-2: Base on Balls Bobby Larson scores Jose Vasquez to third Dae-ik Yoon to second
|
Batting: LHB Bi-jun Chien
|
0-0: Foul Ball, location: 2F 0-1: Called Strike 0-2: Ball 1-2: Ball 2-2: Foul Ball, location: 2F 2-2: Ball 3-2: Foul Ball, location: 2F 3-2: Foul Ball, location: 2F 3-2: Foul Ball, location: 2F 3-2: Base on Balls Jose Vasquez scores Dae-ik Yoon to third Corey Ottinger to second
|
Batting: RHB Young-kwang Ohnn
|
0-0: Called Strike 0-1: Ball 1-1: Ball 2-1: Ball 3-1: Foul Ball, location: 2F 3-2: Base on Balls Dae-ik Yoon scores Corey Ottinger to third Bi-jun Chien to second
|
Batting: RHB Leon Alders
|
0-0: Ball 1-0: Ball 2-0: Ball 3-0: SINGLE (Groundball, 5S, EV 68.8 MPH) (infield hit) Corey Ottinger scores Bi-jun Chien to third Young-kwang Ohnn to second
|
Batting: SHB Floyd-William Goof
|
0-0: Called Strike 0-1: SINGLE (Groundball, 4MD, EV 95.0 MPH) Bi-jun Chien scores Young-kwang Ohnn to third Leon Alders to second Runner from 3rd tries for Home, SAFE, throw by CF to home
|
Batting: RHB Jimmy Hammertime
|
0-0: Ball 1-0: Ball 2-0: Called Strike 2-1: Grounds into double play, 6-4-3 (Groundball, 6, EV 87.5 MPH)
|
Bottom of the 6th over - 8 runs, 6 hits, 0 errors, 1 left on base; Houston 8 - Seattle 15 |
TOP OF THE 7TH |
Houston Astros batting - Pitching for Seattle Mariners : RHP Takaaki Nakada
|
Now at 2B: Malik Brookshire
|
|
Batting: RHB Chang-wei Jiang
|
0-0: Ball 1-0: Called Strike 1-1: Swinging Strike 1-2: Ball 2-2: Ball 3-2: Fly out, F5 (Line Drive, 56, EV 70.0 MPH)
|
Batting: SHB Troy Kenyon
|
0-0: DOUBLE (Line Drive, 7LS, EV 105.6 MPH)
|
Batting: LHB Zack Berney
|
0-0: Ball 1-0: Ball 2-0: Swinging Strike Balk! Troy Kenyon to third 2-1: Ball 3-1: Called Strike 3-2: Ground out 4-3 (Groundball, 4, EV 96.2 MPH) Troy Kenyon scores
|
Batting: RHB Matt Thompson
|
0-0: Swinging Strike 0-1: Ball 1-1: Ball 2-1: Foul Ball, location: 2F 2-2: Foul Ball, location: 2F 2-2: Fly out, F7 (Flyball, 7S, EV 73.1 MPH)
|
Top of the 7th over - 1 run, 1 hit, 0 errors, 0 left on base; Houston 9 - Seattle 15 |
BOTTOM OF THE 7TH |
Seattle Mariners batting - Pitching for Houston Astros : RHP Jon Huizenga
|
Batting: RHB Bobby Larson
|
0-0: Foul Ball, location: 2F 0-1: Ball 1-1: Ball 2-1: Ball 3-1: Swinging Strike 3-2: Base on Balls
|
Pitching: RHP Andy Montelongo
|
|
Batting: RHB Jose Vasquez
|
0-0: Called Strike 0-1: Ball 1-1: Ball 2-1: SINGLE (Line Drive, 7LS, EV 105.0 MPH) Bobby Larson to second
|
Batting: LHB Dae-ik Yoon
|
0-0: Foul Ball, location: 2F 0-1: Ball 1-1: Grounds into double play, 5-4-3 (Groundball, 56S, EV 85.6 MPH) Bobby Larson to third
|
Batting: RHB Corey Ottinger
|
0-0: Swinging Strike 0-1: Ball 1-1: Called Strike 1-2: Foul Ball, location: 2F 1-2: Ball 2-2: Ball 3-2: Base on Balls
|
Batting: LHB Bi-jun Chien
|
0-0: Ball 1-0: Ball 2-0: Ball 3-0: Base on Balls Corey Ottinger to second
|
Batting: RHB Young-kwang Ohnn
|
0-0: Fly out, F8 (Flyball, 89D, EV 81.9 MPH)
|
Bottom of the 7th over - 0 runs, 1 hit, 0 errors, 3 left on base; Houston 9 - Seattle 15 |
TOP OF THE 8TH |
Houston Astros batting - Pitching for Seattle Mariners : RHP Takaaki Nakada
|
Batting: RHB Josh Froyd
|
0-0: SINGLE (Groundball, 56D, EV 107.5 MPH)
|
Pitching: RHP Jesse Crockett
|
|
Batting: RHB Chris Lane
|
0-0: Ball 1-0: Called Strike 1-1: Ball 2-1: Swinging Strike 2-2: Foul Ball, location: 2F 2-2: Ball 3-2: Foul Ball, location: 2F 3-2: Ground out 4-3 (Groundball, 34S, EV 90.6 MPH) Josh Froyd to second
|
Batting: RHB Jeremy Trump
|
0-0: Called Strike 0-1: Fly out, F8 (Line Drive, 8RD, EV 88.1 MPH)
|
Batting: RHB Antonio Aranda
|
0-0: Foul Ball, location: 2F 0-1: Ball 1-1: Called Strike 1-2: Fly out, F7 (Line Drive, 7S, EV 91.9 MPH)
|
Top of the 8th over - 0 runs, 1 hit, 0 errors, 1 left on base; Houston 9 - Seattle 15 |
BOTTOM OF THE 8TH |
Seattle Mariners batting - Pitching for Houston Astros : RHP Andy Montelongo
|
Batting: RHB Malik Brookshire
|
0-0: Called Strike 0-1: Foul Ball, location: 2F 0-2: Foul Ball, location: 2F 0-2: Ball 1-2: Ball 2-2: Foul Ball, location: 2F 2-2: Ground out 4-3 (Groundball, 34, EV 89.4 MPH)
|
Batting: SHB Floyd-William Goof
|
0-0: Swinging Strike 0-1: Swinging Strike 0-2: Ball 1-2: Strikes out swinging
|
Batting: RHB Jimmy Hammertime
|
0-0: Ball 1-0: Called Strike 1-1: Ball 2-1: Ball 3-1: SINGLE (Groundball, 56D, EV 97.5 MPH)
|
Batting: RHB Bobby Larson
|
0-0: Ball 1-0: Foul Ball, location: 2F 1-1: Foul Ball, location: 2F 1-2: Foul Ball, location: 2F 1-2: Foul Ball, location: 2F 1-2: Strikes out swinging
|
Bottom of the 8th over - 0 runs, 1 hit, 0 errors, 1 left on base; Houston 9 - Seattle 15 |
TOP OF THE 9TH |
Houston Astros batting - Pitching for Seattle Mariners : RHP Jesse Crockett
|
Batting: SHB Joe Gardner
|
0-0: Called Strike 0-1: Called Strike 0-2: Foul Ball, location: 2F 0-2: Ball 1-2: Ball 2-2: Strikes out swinging
|
Batting: RHB Chang-wei Jiang
|
0-0: Ball 1-0: SINGLE (Line Drive, 5D, EV 108.1 MPH)
|
Batting: SHB Troy Kenyon
|
0-0: Grounds into double play, 4-6-3 (Groundball, 4D, EV 106.2 MPH)
|
Top of the 9th over - 0 runs, 1 hit, 0 errors, 0 left on base; Houston 9 - Seattle 15 |
|